 Dungeon Crawl Stone Soup version 0.30-a0-250-g41c1d76940 (webtiles) character file.

Game seed: 13426657992927982851

50 iguanaiguana the Cudgeller (level 3, -2/31 HPs)
             Began as an Armataur Warper on Oct 12, 2022.
             Was an Initiate of Gozag.
             Slain by an orc
             ... wielding a +0 hand axe
              (4 damage)
             ... on level 3 of the Dungeon.
             The game lasted 00:03:08 (1630 turns).

iguanaiguana the Cudgeller (Armataur Warper)        Turns: 1630, Time: 00:03:10

Health: -2/31      AC:  4    Str: 18    XL:     3   Next: 55%
Magic:  0/5        EV:  9    Int: 13    God:    Gozag
Gold:   163        SH:  0    Dex:  9    Spells: 5/5 levels left

rFire   . . .      SeeInvis .    e - +0 whip
rCold   . . .      Faith    .    (no shield)
rNeg    . . .      Spirit   +    k - +0 robe
rPois   .          Reflect  .    (no helmet)
rElec   .          Harm     .    (no cloak)
rCorr   .          Roll     +    (no gloves)
Will    .....                    (no barding)
Stlth   +.........               h - amulet of guardian spirit
HPRegen 0.25/turn                (no ring)
MPRegen 0.09/turn                (no ring)

@: gold aura
A: large, rugged brown scales 3, deformed body, armoured tail, roll, long
tongue, awkward tongue
a: Renounce Religion, Potion Petition, Call Merchant, Bribe Branch


You were on level 3 of the Dungeon.
You worshipped Gozag.
Gozag was aware of your devotion.
You visited 1 branch of the dungeon, and saw 3 of its levels.

You collected 187 gold pieces.
You paid 24 gold pieces to Gozag.

Inventory:

Hand Weapons
 a - a +0 mace
 e - a +0 whip (weapon)
Missiles
 d - 7 boomerangs of dispersal (quivered)
 l - 4 atropa-tipped darts
 o - 6 poisoned darts
Armour
 k - a +0 robe (worn)
Jewellery
 h - an amulet of guardian spirit (around neck)
Scrolls
 b - a scroll of vulnerability {unknown}
 c - a scroll of blinking {@r4}
 g - a scroll of butterflies {unknown}
 i - a scroll of noise {unknown}
 m - a scroll of fear {unknown}
 n - a scroll of identify {unknown}
Potions
 f - a potion of degeneration {unknown}
 j - a potion of curing {unknown}
 p - a potion of berserk rage {unknown}


   Skills:
 - Level 1.7 Fighting
 + Level 3.6 Maces & Flails
 - Level 0.8 Throwing
 - Level 1.2 Armour
 - Level 1.3 Dodging
 - Level 1.7 Spellcasting
 - Level 3.0 Translocations


You had 5 spell levels left.
You didn't know any spells.
Your spell library contained the following spells:

 Spells                   Type           Power      Damage    Failure   Level
 Blink                    Tloc           16%        N/A       12%         2
 Lesser Beckoning         Tloc           16%        N/A       22%         3
 Teleport Other           Tloc           8%         N/A       22%         3
 Vhi's Electric Charge    Tloc/Air       10%        N/A       38%         3
 Manifold Assault         Tloc           8%         N/A       58%         4


Dungeon Overview and Level Annotations

Branches:
Dungeon (3/15) Zot: 16377

Altars:
Gozag


Innate Abilities, Weirdness & Mutations

You are completely covered in rugged brown scales. (AC +3, +7% HP)
Armour fits poorly on your strangely shaped body.
You have a long armoured tail.
You roll when moving toward enemies. (Rampage)
Your long tongue fully drains potion bottles. (2x potion effects)
Your tongue gives you trouble enunciating. (1.5x scroll delay)


Message History

You closely miss the orc.
The orc is heavily wounded.
The orc hits you with a +0 mace.
* * * LOW HITPOINT WARNING * * *
You closely miss the orc.
Your tail-slap misses the orc.
The orc is heavily wounded.
You whack the orc!
You kill the orc!
You roll towards the orc!
You closely miss the orc.
Your tail-slap misses the orc.
You hit the orc but do no damage. You hit the orc. You tail-slap the orc.
The orc is heavily wounded.
You hit the orc.
You kill the orc!
You hit the orc.
The orc is moderately wounded.
The orc hits you with a +0 whip.
* * * LOW HITPOINT WARNING * * *
You hit the orc.
You kill the orc!
The orc is distracted by your dazzling golden aura.
You barely miss the orc.
The orc shouts!
The orc is no longer distracted by gold.
The orc hits you with a +0 hand axe!
* * * LOW HITPOINT WARNING * * *
You completely miss the orc. The orc hits you with a +0 hand axe.
* * * LOW HITPOINT WARNING * * *
The orc is distracted by your dazzling golden aura.
You barely miss the orc.
The orc shouts!
The orc is no longer distracted by gold.
The orc is distracted by your dazzling golden aura.
The orc shouts!
You closely miss the orc.
The orc is no longer distracted by gold.
The orc hits you with a +0 hand axe.
You die...
Your body crumbles into a pile of gold.

#####..##.......#.!...###
#..#........##o.....#
#...........##......#
#....#########oo....#
###...# #......#
###.###### #..>...#
#......# #......#
######.###......#
#..@oo>......
#############


You could see 2 orcs.

Vanquished Creatures
  An adder (D:1)
  A worm (D:2)
  4 orcs
  5 ball pythons
  4 endoplasms
  A giant cockroach (D:1)
  A hobgoblin (D:2)
  A quokka (D:2)
  6 bats
  3 frilled lizards (D:1)
  2 goblins
  3 kobolds
  4 rats
36 creatures vanquished.

Notes
Turn   | Place    | Note
-------+----------+-------------------------------------------
     0 | D:1      | iguanaiguana the Armataur Warper began the quest for the
                  | Orb.
     0 | D:1      | Reached XP level 1. HP: 18/18 MP: 3/3
   188 | D:1      | Reached XP level 2. HP: 25/25 MP: 4/4
   792 | D:2      | Found an opulent altar of Gozag.
   802 | D:2      | Became a worshipper of Gozag Ym Sagoz the Greedy
   957 | D:2      | Reached XP level 3. HP: 11/31 MP: 2/5
  1630 | D:3      | Slain by an orc

Illustrated notes

Levels and vault maps discovered:
D:1:      eino_arrival_druids_welcome, layout_basic
D:2:      layout_rooms, basic_altar, kennysheep_generic_room_14
D:3:      layout_basic, hellmonk_ecumenical_altar_blasted, uniq_ijyb

Skill      XL: |  1  2 |
---------------+-------+-----
Maces & Flails | 2 3 |  3.6
Fighting       | |  1.7
Throwing       | |  0.8
Armour         | |  1.2
Dodging        | |  1.3
Spellcasting   | |  1.7
Translocations | |  3.0

Action                   || total
-------------------------++-------
Melee: Whip              ||   182
       Tailslap          ||    10
       Punch             ||     1
 Stab: Sleeping          ||     1
Armor: Leather armour    ||    16
       Robe              ||    57
Dodge: Dodged            ||    96

Table legend: (Time is in decaauts)
 A = Elapsed time spent in this place.
 B = Non-inter-level travel time spent in this place.
 C = Inter-level travel time spent in this place.
 D = Time resting spent in this place.
 E = Time spent auto-exploring this place.
 F = Levels seen in this place.
 G = Mean time per level.
                   A        B        C        D        E       F      G
               +--------+--------+--------+--------+--------+-----+--------+
         Total |   1621 |   1542 |     79 |    114 |   1049 |   3 |  540.3 |
       Dungeon |   1621 |   1542 |     79 |    114 |   1049 |   3 |  540.3 |
               +--------+--------+--------+--------+--------+-----+--------+

Top non-repeatable levels by time:
     D:1: 745 daAuts
     D:2: 726 daAuts
     D:3: 150 daAuts
